[Event "Budapest GM ONE WEEK Feb 2024"]
[Site "Budapest"]
[Date "2024.02.27"]
[Round "3"]
[White "Vetoshko, Volodymyr"]
[Black "Gaal, Zsoka"]
[Result "1/2-1/2"]
[ECO "E06"]
[WhiteElo "2505"]
[BlackElo "2341"]
[Annotator "TA"]
[PlyCount "158"]
[EventDate "2024.02.25"]
[EventType "tourn"]
[EventCountry "HUN"]
[SourceTitle "playchess.com"]
[Source "ChessBase"]
[SourceQuality "1"]
[TimeControl "5400+30"]

1. c4 Nf6 2. Nf3 e6 3. g3 d5 4. Bg2 Be7 5. d4 O-O 6. Nc3 c6 7. O-O a5 8. Re1 Nbd7 9. Nd2 e5 10. dxe5 Nxe5 11. cxd5 Nxd5 12. Nxd5 cxd5 13. Nf3 Nxf3+ 14. Bxf3 Be6 15. Be3 Bb4 16. Rf1 Bh3 17. Bg2 Bxg2 18. Kxg2 Re8 19. Qb3 Qf6 20. Rad1 Rad8 21. Rd4 Qa6 22. Qd3 Bc5 23. Qxa6 bxa6 24. Rd3 Bxe3 25. fxe3 d4 26. Rf5 dxe3 ({Black should play} 26... Rb8 $14) 27. Rxd8 $16 (27. Rxa5 $2 {loses.} Rxd3 28. g4 Rd1 $19) 27... Rxd8 28. Rxa5 Rd2 29. Rxa6 g5 (29... Rxe2+ $2 {perishes.} 30. Kf3 Rf2+ 31. Kxe3 $18) 30. Kf3 Rxb2 {[%emt 0:00:07] [#]} 31. Kxe3 ({White should try} 31. a4 $1 $18) 31... Kg7 $16 32. a4 Ra2 33. a5 Ra3+ 34. Ke4 Ra2 35. Kf3 Ra3+ 36. Kf2 h5 (36... f6 $16 {was necessary.} 37. Ra8 f5) 37. Ra8 $18 Kh7 38. a6 Kg7 39. a7 Kh7 40. Ke1 Ra2 41. Kd1 Kg7 42. Kc1 Kh7 43. Kb1 Ra6 44. Kb2 Kg7 45. Kb3 Kh7 46. Kc4 Kg7 47. e4 Ra5 48. Kb4 Ra1 49. Kc5 Ra6 50. e5 Kh7 51. Kb5 Ra1 52. Kb6 Rb1+ 53. Kc6 Ra1 54. Kd5 Ra4 55. h3 Kg7 56. Kd6 Ra6+ 57. Kc5 Ra1 58. Kc6 Ra2 59. Kb6 Rb2+ 60. Kc5 Ra2 61. Kd4 Ra4+ 62. Kd5 Kh7 63. e6 fxe6+ 64. Kxe6 Kg7 65. Re8 $2 ({Better is} 65. Ke5 $18 {Kd6 is the strong threat.} Ra1 66. Rd8 Rxa7 67. Rd3) 65... Ra6+ $11 66. Kf5 Rxa7 67. Kxg5 Ra5+ 68. Kf4 Kf6 69. Re4 Ra1 70. Rb4 Ra6 71. Rc4 Rb6 72. Ra4 Rc6 73. h4 Rb6 74. Ra5 Rb4+ 75. Kf3 Rb3+ 76. Kg2 Rb2+ 77. Kh3 Kg6 78. Ra6+ Kg7 79. Ra5 Kg6 1/2-1/2

[Event "Budapest GM ONE WEEK Feb 2024"]
[Site "Budapest"]
[Date "2024.02.27"]
[Round "3"]
[White "Pap, Misa"]
[Black "Paszewski, Mateusz"]
[Result "1-0"]
[ECO "B33"]
[WhiteElo "2422"]
[BlackElo "2286"]
[Annotator "TA"]
[PlyCount "101"]
[EventDate "2024.02.25"]
[EventType "tourn"]
[EventCountry "HUN"]
[SourceTitle "playchess.com"]
[Source "ChessBase"]
[SourceQuality "1"]
[TimeControl "5400+30"]

1. e4 c5 2. Nf3 Nc6 3. d4 cxd4 4. Nxd4 Nf6 5. Nc3 e5 6. Ndb5 d6 7. Bg5 a6 8. Na3 b5 9. Bxf6 gxf6 10. Nd5 f5 11. c3 Bg7 12. exf5 Bxf5 13. Nc2 O-O 14. Nce3 Be6 15. Bd3 f5 16. O-O Kh8 17. f4 (17. Qh5 $14) 17... Ne7 $15 18. Bc2 Nxd5 {[%emt 0:18:47] Black is slightly better.} 19. Nxd5 Ra7 20. Kh1 Bxd5 21. Qxd5 exf4 22. Rxf4 Raf7 23. Raf1 {[%emt 0:07:03][%cal Rc2f5] White has more active pieces.} (23. Bxf5 Be5 24. Raf1 Qg5 $19 (24... Bxf4 25. Rxf4 Qb6 26. Qe4 $17)) 23... Be5 24. R4f3 $36 {[%emt 0:00:17][%mdl 2048] Black is under pressure.} (24. Rxf5 Qh4 25. g3 (25. Rxf7 $2 Qxh2#) 25... Bxg3 $17) 24... Qg5 25. Rh3 Rf6 26. Qb7 (26. Qf3 {simplifies} Qd2 27. Qf2 Qxf2 28. Rxf2 h6 29. a3) 26... R8f7 (26... Rh6 $14) 27. Qxa6 $16 Rh6 28. Qa8+ (28. Qxb5 $2 Rxh3 29. Qe8+ (29. gxh3 $2 Qd2 $19) 29... Kg7 $19 (29... Qg8 $2 30. Qxg8+ Kxg8 31. gxh3 $18)) 28... Kg7 29. Qd5 {[%emt 0:03:06] Dodges Qd2} Rff6 30. Qb7+ Kg6 (30... Rf7 $16 31. Qf3 (31. Qxb5 $2 Rxh3 32. gxh3 Qd2 $19) 31... Rxh3 32. Qxh3 Rf6) 31. Qf3 (31. Qxb5 $2 {is the wrong capture.} Rxh3 32. Bxf5+ (32. gxh3 $2 Qd2 $19) 32... Rxf5 $19) 31... Rxh3 32. gxh3 {[%emt 0:00:10] Threatens to win with Rg1.} Kh6 33. Bxf5 Qd2 34. Qg2 Qxg2+ 35. Kxg2 {[%emt 0:00:05][%mdl 4096] Endgame. KRB-KRB} d5 36. Bd3 Rxf1 37. Kxf1 $18 {[%emt 0:00:10] KB-KB} d4 38. c4 $1 (38. Bxb5 dxc3 39. bxc3 Bxc3 $16) 38... bxc4 39. Bxc4 d3 40. b4 Bc3 41. a3 (41. Bxd3 Bxb4 42. h4 Be7 $11) 41... d2 (41... Kg5 $142 42. Bxd3 h5) 42. Ke2 {[%emt 0:00:13] Bb3 is the strong threat.} Bb2 $2 {[%emt 0:00:40] [#]} (42... Kg5 43. Bb3 Kf6) 43. a4 $1 (43. Kxd2 Bxa3 44. Kc3 Kg7 $16) 43... Bc3 44. b5 Ba5 45. Bd3 {[%emt 0:01:18] aiming for Bc2.} Kg7 46. Bc2 {[%emt 0:00:05] Hoping for Ke3.} h6 (46... Kf6 $18 47. Bxh7 d1=R) 47. Kd3 {[%emt 0:00:02] White mates.} Kf6 48. Kd4 Ke6 {[%emt 0:00:43] [#]} 49. Kc5 $1 Bc7 50. Kc6 Bxh2 51. a5 {[%emt 0:00:13] Weighted Error Value: White=0.23 (precise) /Black=0.39.  Mistake:       	White=1     	Black=4      Inaccurate:     	White=1     	Black=2      OK:         	White=6     	Black=8      Best:        	---       	Black=2      Strong:       	White=2     	---} 1-0

[Event "Budapest GM ONE WEEK Feb 2024"]
[Site "Budapest"]
[Date "2024.02.27"]
[Round "3"]
[White "Pribelszky, Bence"]
[Black "Grover, Sahaj"]
[Result "1/2-1/2"]
[ECO "D02"]
[WhiteElo "2371"]
[BlackElo "2503"]
[Annotator "TA"]
[PlyCount "79"]
[EventDate "2024.02.25"]
[EventType "tourn"]
[EventCountry "HUN"]
[SourceTitle "playchess.com"]
[Source "ChessBase"]
[SourceQuality "1"]
[TimeControl "5400+30"]

1. Nf3 d5 2. g3 g6 3. Bg2 Bg7 4. d4 Nf6 5. O-O O-O 6. c3 a5 {[%emt 0:02:58] [#]} 7. c4 $1 dxc4 8. Na3 Nc6 9. Nxc4 a4 10. Nce5 Nb4 11. Bd2 Nbd5 12. Qc1 c6 13. Bh6 Qb6 14. Bxg7 Kxg7 15. Rd1 h6 16. Nc4 Qb5 17. Nfe5 Bf5 (17... Nb6 {simplifies} 18. Nxb6 Qxb6 19. Qc3 Bf5) 18. f3 {[%emt 0:04:00] Threatens to win with e4.} Nb6 19. e4 (19. Na3 $1 $14 Qa5 (19... Qxe2 $2 {too greedy.} 20. Bf1 $18) 20. e4) 19... Nxc4 $11 20. Qxc4 Qxc4 21. Nxc4 Be6 22. Rac1 b5 (22... Rfd8 $11) 23. Ne5 $1 $14 Bxa2 24. Nxc6 Bb3 25. Re1 Ne8 (25... Rfc8 $142) 26. Nxe7 $16 {[%emt 0:05:26] White is more active.} Nd6 27. Bf1 Nc4 ({Black should try} 27... Bc4) 28. Bxc4 Bxc4 29. Rc3 f5 30. d5 fxe4 31. fxe4 Rf7 32. Nc6 Raf8 {[%emt 0:05:04] [#]} 33. Ne5 ({White should play} 33. Rc2 $1 $18) 33... Rf2 $1 $14 34. Nxc4 (34. d6 {is interesting.} Rxb2 35. Rd1 Bb3 36. Rc7+) 34... bxc4 {[%emt 0:00:03] The position is equal.} 35. Rxc4 {[%emt 0:00:41] Rc7+ is the strong threat.} Rxb2 36. Rxa4 $11 {[%emt 0:00:28] Black must now prevent Rf1. KRR-KRR} Rff2 37. Ra7+ Kg8 38. Ra8+ Kg7 39. Ra7+ Kg8 40. Ra8+ {[%emt 0:01:21] White really could win this.   Weighted Error Value: White=0.13 (very precise) /Black=0.12 (very precise) .  Mistake:       	White=2     	Black=3      Inaccurate:     	White=1     	Black=2      OK:         	White=12    	Black=12     Best:        	White=1     	Black=3      Strong:       	White=1     	Black=1} (40. Rb1 $5 Rg2+ $8 41. Kh1 Rxh2+ 42. Kg1 Rbg2+ 43. Kf1 Rf2+ 44. Ke1 Re2+ 45. Kf1 Ref2+ 46. Ke1 Re2+ 47. Kd1 Rd2+ 48. Ke1 Rhe2+ 49. Kf1 Rf2+ 50. Ke1 Rfe2+ 51. Kf1 Rf2+ 52. Kg1 $11) 1/2-1/2

[Event "Budapest GM ONE WEEK Feb 2024"]
[Site "Budapest"]
[Date "2024.02.27"]
[Round "3"]
[White "Paschall, William"]
[Black "Pasti, Aron"]
[Result "1/2-1/2"]
[ECO "B50"]
[WhiteElo "2331"]
[BlackElo "2389"]
[Annotator "TA"]
[PlyCount "48"]
[EventDate "2024.02.25"]
[EventType "tourn"]
[EventCountry "HUN"]
[SourceTitle "playchess.com"]
[Source "ChessBase"]
[SourceQuality "1"]
[TimeControl "5400+30"]

1. e4 c5 2. b3 e6 3. Nf3 d6 4. Bb2 Nf6 5. e5 dxe5 6. Nxe5 Bd6 7. Bb5+ Nbd7 8. Na3 O-O 9. Bxd7 Nxd7 10. Nxd7 Bxd7 11. Nc4 Bc7 12. Qh5 {[%emt 0:03:09] [#]} e5 13. a4 f6 14. O-O Bc6 15. d3 b6 16. Rae1 a6 17. Ne3 b5 18. f4 exf4 (18... bxa4 19. fxe5 fxe5 20. bxa4 $14) 19. Nf5 Rf7 {[%emt 0:00:29] Prevents Re7.} (19... bxa4 $2 20. Re7 $18 (20. Ne7+ Kh8 $18) (20. Ne7+ Kh8 $18)) 20. Re2 (20. Re6 $14 Qd7 21. Rfe1) 20... Qf8 (20... bxa4 $15 21. Rfe1 Be5 22. Bxe5 fxe5 23. Rxe5 axb3 24. Ne7+ (24. cxb3 $2 {loses.} g6 $19) 24... Rxe7 25. Rxe7 Qd4+ (25... bxc2 26. Qf7+ Kh8 27. Qxg7#) 26. Kf1 Rf8) 21. Rfe1 {[%emt 0:05:41] White is much more active.} (21. Re6 $14 Bd7 22. Ne7+ Rxe7 23. Rxe7 Qxe7 24. Qd5+ Qe6 25. Qxa8+ Kf7 26. Qb7) 21... Ba5 $11 {[%emt 0:03:02] A strong pair of Bishops.} 22. Rf1 Bc7 (22... Re8 $15) 23. Rfe1 (23. Re6 $14 Bd7 24. Ne7+ Rxe7 25. Rxe7 Qxe7 26. Qd5+ Qe6 27. Qxa8+ Kf7 28. axb5 axb5 29. Qb7) 23... Ba5 24. Rf1 Bc7 {Weighted Error Value: White=0.22 (precise) /Black=0.26 (precise) .  Mistake:       	White=3     	Black=4      Inaccurate:     	White=4     	Black=2      OK:         	White=4     	Black=8      Best:        	White=1     	---} (24... Re8 $11) 1/2-1/2

[Event "Budapest GM ONE WEEK Feb 2024"]
[Site "Budapest"]
[Date "2024.02.27"]
[Round "3"]
[White "Bodi, Tibor"]
[Black "Tomic, Aleksandar"]
[Result "1/2-1/2"]
[ECO "A07"]
[WhiteElo "2294"]
[BlackElo "2398"]
[Annotator "TA"]
[PlyCount "157"]
[EventDate "2024.02.25"]
[EventType "tourn"]
[EventCountry "HUN"]
[SourceTitle "playchess.com"]
[Source "ChessBase"]
[SourceQuality "1"]
[TimeControl "5400+30"]

1. Nf3 d5 2. g3 c6 3. Bg2 Bg4 4. O-O Nd7 5. d4 e6 6. h3 Bh5 {[%emt 0:00:54] [#]} 7. c4 $1 Ngf6 (7... Be7 8. a4) 8. cxd5 cxd5 9. Nc3 Bd6 10. Qb3 Qb6 11. Qxb6 Nxb6 12. Bg5 (12. Ne5 $14) 12... Ne4 $11 13. Nxe4 dxe4 14. Nd2 f5 15. e3 (15. g4 $1 $11 Bf7 16. f3) 15... Rc8 (15... h6 $15 16. Bf4 Bxf4 17. gxf4 g5 18. fxg5 hxg5) 16. Rfc1 Kf7 {[%emt 0:05:47] [#]} 17. g4 $1 h6 (17... Bg6 18. Bh4) 18. Bh4 Bg6 19. f3 Bb4 20. Nf1 Nc4 21. a3 Ba5 22. fxe4 fxg4 (22... Nxb2 $2 23. exf5 Bh7 24. Rcb1 $18 (24. Bxb7 Rxc1 25. Rxc1 Re8 $18)) (22... fxe4 23. b3 Nd6 24. b4 $16) 23. b3 (23. b4 $14 Bb6 24. hxg4) 23... Nd6 24. b4 Bb6 25. Nd2 gxh3 26. Bxh3 Rhe8 (26... Bxe4 27. Bg3 (27. Nxe4 Nxe4 28. a4 g5 $15) 27... Rxc1+ 28. Rxc1 $18) (26... Nxe4 $6 27. Nf3 Rxc1+ (27... Bc7 $2 28. Rxc7+ Rxc7 29. Ne5+ Ke8 30. Nxg6 $18) 28. Rxc1 $16) (26... Rxc1+ $11 27. Rxc1 Rc8 (27... Nxe4 28. Nxe4 Bxe4 29. Rf1+ Ke8 30. Bxe6 $11) (27... Bxe4 28. Bg3 $16) 28. Rxc8 (28. Rf1+ Ke8 $11) 28... Nxc8) 27. Rxc8 (27. e5 $16 Rxc1+ 28. Rxc1) 27... Rxc8 28. Rf1+ Ke8 29. Bxe6 Rc3 30. Bg3 Ke7 {[%emt 0:02:00] [#]} (30... Nxe4 $2 31. Nxe4 Rxe3 (31... Bxe4 $2 32. Bd6 $18) 32. Bd6 $18) (30... Nb5 $11 {keeps the balance.}) 31. Bd5 $1 $16 Nb5 (31... Bd8 $16 {was necessary.} 32. a4 Bc7 (32... Rxe3 $2 33. Bxd6+ Kd7 34. e5 $18)) 32. Nc4 (32. Bxb7 Bxd4 33. Bh4+ Bf6 $11) (32. a4 $18 {is more deadly.} Na3 33. Be5 (33. Bxb7 Bxd4 34. exd4 Rxg3+ 35. Kf2 Rd3 $16)) 32... Bxd4 33. a4 {[%emt 0:01:30] White has more active pieces.} Rxc4 $2 34. exd4 $18 Rxd4 35. axb5 Bxe4 {[%emt 0:00:30] [#]} 36. Bxe4 (36. Rf7+ $1 $18 Ke8 37. Be6) 36... Rxe4 $16 {[%emt 0:00:07][%mdl 4096] Endgame. KRB-KR} 37. Rc1 Rxb4 38. Rc7+ Ke6 39. Rxb7 {[%emt 0:00:16][%cal Og3b8] Black must now prevent Bb8!} Kd5 40. Rxa7 (40. Rxg7 Rxb5 41. Rxa7 h5 $14) 40... Rxb5 41. Rxg7 Ke4 42. Kg2 Rg5 43. Rf7 Rg6 44. Kh3 Kd5 45. Ra7 Ke6 46. Ra5 Kf7 47. Bf4 Rc6 48. Kg4 Kg6 49. Ra7 h5+ 50. Kh3 Rc4 51. Bg3 Rc3 52. Ra4 Rc6 53. Kh4 Rb6 54. Bf4 Rf6 55. Kg3 Rf5 56. Kf3 Rf6 57. Ke4 Rb6 58. Be5 Rb1 59. Ra6+ Kg5 60. Bf4+ Kh4 61. Rg6 Rb3 62. Rg1 Ra3 63. Be3 {[%emt 0:00:00] Threatening mate with Kf3.} Kh3 64. Kf3 Kh2 {[%emt 0:00:13][%cal Oa3e3] Prevents Rh1+.} 65. Rg2+ Kh3 {[%emt 0:00:33][%cal Oa3e3] ( -> ...Rxe3+!)} 66. Rb2 Rc3 67. Rb5 h4 68. Rb4 Ra3 69. Kf2 ({White should play} 69. Rb1 $16 Ra2 70. Rh1+ Rh2 71. Rd1) 69... Ra2+ $1 $11 70. Kf3 ({Better is} 70. Ke1 $11) 70... Ra3 $16 71. Rb2 Rc3 72. Ke2 Kg2 73. Rb1 (73. Ke1+ $14 Kf3 74. Bd2) 73... Rc2+ $11 {[%emt 0:00:31] The position is equal.} 74. Kd3 Ra2 (74... h3 {is interesting.} 75. Kxc2 h2 76. Bd4 h1=Q) 75. Rg1+ Kf3 76. Rf1+ Kg2 77. Rf7 h3 78. Rg7+ Kf3 79. Rf7+ {[%emt 0:00:11] Blacks defense is rewarded with a draw.   Weighted Error Value: White=0.18 (very precise) /Black=0.21 (precise) .  Loses game:     	---       	Black=1      Missed win:     	White=1     	---        Mistake:       	White=8     	Black=4      Inaccurate:     	White=3     	Black=1      OK:         	White=36    	Black=19     Best:        	White=3     	Black=6      Strong:       	White=1     	Black=1      Brilliant:      	White=1     	---} 1/2-1/2

[Event "Budapest GM ONE WEEK Feb 2024"]
[Site "Budapest"]
[Date "2024.02.28"]
[Round "4.1"]
[White "Grover, Sahaj"]
[Black "Pasti, Aron"]
[Result "1-0"]
[ECO "D35"]
[WhiteElo "2503"]
[BlackElo "2389"]
[Annotator "TA"]
[PlyCount "91"]
[EventDate "2024.02.25"]
[EventType "tourn"]
[EventCountry "HUN"]
[SourceTitle "playchess.com"]
[Source "ChessBase"]
[SourceQuality "1"]
[TimeControl "5400+30"]

1. d4 d5 2. c4 e6 3. Nc3 Nf6 4. cxd5 exd5 5. Bg5 Be7 6. e3 O-O 7. Bd3 Nbd7 8. Qc2 c6 9. h3 Re8 10. Nf3 Nf8 11. Bf4 Ng6 12. Bh2 Bd6 13. Bxd6 Qxd6 14. O-O-O b5 15. Kb1 a6 16. Rc1 Bb7 17. e4 {[%emt 0:14:01][%cal Be3e4,Be4e5][%mdl 32] White is slightly better.} Qd8 (17... Nxe4 $11 {keeps the balance.} 18. Nxe4 dxe4 19. Bxe4 Rad8) 18. e5 $16 Nd7 19. h4 $1 c5 {[%emt 0:03:57] [#]} 20. Bxg6 (20. Ng5 $1 $16) 20... fxg6 $11 21. h5 cxd4 22. hxg6 $1 h6 {[%emt 0:01:51] [#]} (22... dxc3 $6 23. Rxh7 Nf8 (23... Nxe5 $2 24. Rch1 $18) 24. Qf5 c2+ (24... Nxh7 25. Qf7+ Kh8 26. Rh1) 25. Rxc2 Nxh7 26. gxh7+ Kh8 27. Ng5 $16) (22... Nxe5 $11 23. gxh7+ (23. Nxd4 Nxg6 24. Qf5 Qb6 $17) 23... Kh8 24. Nxe5 (24. Nxd4 Qf6 $11) 24... Rxe5) 23. Qf5 $1 $18 Qe7 {[%emt 0:06:57] Wards off Qf7+} ({And not} 23... dxc3 24. Qf7+ Kh8 25. Rxh6+ gxh6 26. Qh7#) (23... Re7 24. Ne2) 24. Ne2 {[%emt 0:00:17][%cal Oc1c7] Threatens to win with Rc7!} ({Inferior is} 24. Nxd4 Rf8 25. Qe6+ Qxe6 26. Nxe6 Rxf2 $11) 24... Rf8 25. Qh5 {[%emt 0:00:09][%cal Oc1c7] aiming for Rc7! The board is on fire. White is much more active.} Rxf3 $2 26. gxf3 {[%emt 0:01:01][%cal Oc1c7,Bg2f3,Bf3f4,Bf4f5,Bf5e6][%mdl 32] Rc7! is the strong threat.} ({Not} 26. Qxf3 Nxe5 27. Qf4 d3 $16) 26... d3 (26... Nxe5 $142 27. Nxd4 Nd3) 27. Nd4 {[%emt 0:00:10] White is clearly winning.} Qxe5 28. Qxe5 Nxe5 29. Rc7 Bc8 {[%emt 0:00:13] Repels Ne6} 30. f4 Nc4 31. f5 {[%emt 0:01:19] Strongly threatening Nc6.} Nd6 (31... d2 $142 32. Kc2 Rb8) 32. Rh5 Ne4 (32... Rb8 $142 33. Kc1 d2+ 34. Kxd2 Ne8) 33. Ne6 Bxe6 34. fxe6 {[%emt 0:00:05][%mdl 4096] Endgame. White threatens e7 and mate. KRR-KRN} Nf6 35. Rh3 {[%emt 0:00:10][%cal Oe6e7] Hoping for e7!} Re8 36. Rxd3 Rxe6 37. Rc8+ Ne8 38. Rxd5 Kf8 39. Rf5+ Ke7 40. Rf7+ Kd6 41. f4 h5 42. f5 Re1+ 43. Kc2 h4 44. Rd8+ Kc5 {[%emt 0:00:10] [#]} 45. f6 $1 Nxf6 {[%emt 0:00:36] [#]} (45... gxf6 46. g7) 46. Rxf6 $1 {[%emt 0:00:11][%mdl 512] Weighted Error Value: White=0.30/Black=0.66.  Loses game:     	---       	Black=2      Mistake:       	White=1     	Black=4      OK:         	White=5     	Black=3      Best:        	White=2     	Black=3      Strong:       	White=3     	---} 1-0

[Event "Budapest GM ONE WEEK Feb 2024"]
[Site "Budapest"]
[Date "2024.02.28"]
[Round "4.2"]
[White "Gaal, Zsoka"]
[Black "Paschall, William"]
[Result "1-0"]
[ECO "E47"]
[WhiteElo "2341"]
[BlackElo "2331"]
[Annotator "TA"]
[PlyCount "105"]
[EventDate "2024.02.25"]
[EventType "tourn"]
[EventCountry "HUN"]
[SourceTitle "playchess.com"]
[Source "ChessBase"]
[SourceQuality "1"]
[TimeControl "5400+30"]

1. d4 Nf6 2. c4 e6 3. Nc3 Bb4 4. e3 O-O 5. Bd3 c5 6. Nf3 d5 7. cxd5 cxd4 {[%emt 0:02:19] E53: Nimzo-Indian: Rubinstein: Main Line (4...0-0 5 Nf3 d5 6 Bd3 c5 7 0-0).} 8. exd4 Nxd5 9. O-O Nc6 10. Bc2 {[%emt 0:05:10] 10.Qc2 injects fresh life into this line.} Be7 11. Qd3 g6 12. a3 Bf6 13. Ne4 $146 ({Predecessor:} 13. Bh6 Bg7 14. Bxg7 Kxg7 15. Bb3 Nce7 16. Nxd5 Nxd5 17. Qe4 Nf6 18. Qe5 Bd7 19. d5 exd5 20. Bxd5 {½-½ Grischuk,A (2777)-Nakamura,H (2736) Saint Louis Blitz 2020 (14)}) 13... Bg7 14. h4 b6 15. h5 a5 16. Re1 Ba6 17. Qd1 $1 Ra7 18. Bg5 f6 19. hxg6 ({White should play} 19. Bd2 $14) 19... hxg6 (19... fxg5 $15 20. Nexg5 Nf4 21. gxh7+ Kh8) 20. Bh4 Nce7 (20... g5 $1 $11) 21. Nc3 $1 $16 Kf7 22. Nxd5 ({Better is} 22. Bg3 $16) 22... exd5 (22... Qxd5 $14 23. Rc1 Rc8) 23. Qd2 $16 Bc8 24. Rac1 $1 Rh8 {[%emt 0:01:22] [#]} (24... Kg8 $142) 25. Qf4 $1 $16 Bf5 {[%emt 0:01:11] [#]} 26. g4 $2 ({White must play} 26. Rxe7+ $1 $18 Qxe7 27. Bxf5 gxf5 28. Qxf5) 26... Bxc2 (26... Rxh4 $5 27. Nxh4 Bxc2 (27... g5 $2 28. Rxe7+ Rxe7 29. Qxf5 $18) 28. Rxc2 g5 $11) 27. Bxf6 Bxf6 $4 (27... Be4 $1 $11 {and Black has nothing to worry.}) 28. Ng5+ $18 ({Weaker is} 28. Rxc2 Qf8 $16 (28... Kg7 $2 29. Re6 $16)) 28... Kg8 29. Qxf6 Qf8 30. Qe6+ Kg7 31. Rxc2 Qf6 32. Qe5 Qxe5 33. Rxe5 Rh4 34. f3 Rd7 35. Kg2 Rh8 36. Re6 Rb8 37. Kg3 a4 38. Rh2 Rh8 39. Rxh8 Kxh8 40. Rxb6 Kg7 41. Ne6+ Kf7 42. Nc5 Ra7 (42... Rc7 $142 43. Nxa4 (43. Kf4 Nc6 $18) 43... Nc6) 43. Kf4 $18 Nc8 44. Rb7+ Rxb7 45. Nxb7 Nb6 46. Nc5 Kf6 47. g5+ Ke7 48. Ke5 Nc4+ 49. Kxd5 Nxb2 50. Kc6 Nc4 51. d5 Kd8 52. f4 Ke7 53. Nb7 1-0

[Event "Budapest GM ONE WEEK Feb 2024"]
[Site "Budapest"]
[Date "2024.02.28"]
[Round "4.3"]
[White "Paszewski, Mateusz"]
[Black "Vetoshko, Volodymyr"]
[Result "1/2-1/2"]
[ECO "B90"]
[WhiteElo "2286"]
[BlackElo "2505"]
[Annotator "TA"]
[PlyCount "36"]
[EventDate "2024.02.25"]
[EventType "tourn"]
[EventCountry "HUN"]
[SourceTitle "playchess.com"]
[Source "ChessBase"]
[SourceQuality "1"]
[TimeControl "5400+30"]

1. e4 c5 2. Nf3 d6 3. d4 cxd4 4. Nxd4 Nf6 5. Nc3 a6 6. Nb3 Nc6 7. Be3 e6 8. g4 h6 9. Qe2 {[%emt 0:24:03] The position is equal.} b5 10. O-O-O Ne5 11. f4 Nc4 12. Rg1 Nxe3 13. Qxe3 {[%emt 0:00:01] aiming for e5.} Nd7 14. Bg2 {[%emt 0:07:57] [#] Strongly threatening e5.} Qb6 15. Qe2 Bb7 16. Rge1 Be7 17. Nd5 Bxd5 (17... exd5 $15 18. exd5 Qd8) 18. exd5 $14 e5 {[%emt 0:00:03] Weighted Error Value: White=0.07 (flawless) /Black=0.13 (very precise) .  Mistake:       	---       	Black=1      Inaccurate:     	White=1     	---        OK:         	White=3     	Black=7      Best:        	---       	Black=1} 1/2-1/2

[Event "Budapest GM ONE WEEK Feb 2024"]
[Site "Budapest"]
[Date "2024.02.28"]
[Round "4.4"]
[White "Tomic, Aleksandar"]
[Black "Pap, Misa"]
[Result "1/2-1/2"]
[ECO "D10"]
[WhiteElo "2398"]
[BlackElo "2422"]
[Annotator "TA"]
[PlyCount "29"]
[EventDate "2024.02.25"]
[EventType "tourn"]
[EventCountry "HUN"]
[SourceTitle "playchess.com"]
[Source "ChessBase"]
[SourceQuality "1"]
[TimeControl "5400+30"]

1. d4 d5 2. c4 c6 3. cxd5 cxd5 4. Nc3 Nf6 5. Bf4 a6 6. e3 e6 7. Bd3 Bd6 8. Bxd6 Qxd6 9. Nf3 Nc6 10. O-O O-O 11. Rc1 Bd7 12. a3 b5 13. Ne2 b4 14. a4 Rfc8 15. Ng3 {[%emt 0:02:55] An uneventful encounter.   Weighted Error Value: White=0.07 (flawless) /Black=0.11 (very precise) .  OK:         	White=1     	---} 1/2-1/2